cohdb
Replays
Latest Replays
All Replays
Popular Replays
Top Player Replays
Match Explorer
How It Works
Community
CoH3 Stats
Reddit
Sign in to upload your games and track your stats! →
Sign in with Steam
Match 47171053
Unlisted
Match 47171053
Overview
Messages
Build Orders
End
Construct Section Command Post
Vickers Machine Gun Team
Infantry Section
Infantry Section
Construct Field Infirmary
Infantry Section
Grenade Package
Construct Platoon Command Post
Selects Air and Sea Battlegroup
Selects Supply Surplus
Construct Resource Cache
Construct Resource Cache
Infantry Training
Selects UNKNOWN (223837)
Construct Resource Cache
Construct Company Command Post
Matilda II Heavy Tank
Armored Vehicle Training
Construct Field Infirmary
Matilda II Heavy Tank
Royal Engineer Section
Selects Naval Bombardment
Matilda II Heavy Tank
Royal Engineer Section
Naval Bombardment
Construct Field Infirmary
Roopdiggity
timezzzz
96th Artillery KH179155mm
nanagonana
Fol20
anioki
Sky Blues
喜羊羊
0
0
Comments
sign in to comment!
No comments posted yet!